 Dungeon Sprint DCSS version 0.28-a0-224-g76b539d98b (webtiles) character file.

Game seed: 12880398495636187636

582 MikeHunt the Fighter (level 7, -5/81 HPs)
             Began as an Ogre Wanderer on Aug 21, 2021.
             Was a Believer of Cheibriados.
             Splashed by an acid dragon's acid (16 damage)
             ... in the Dungeon (Sprint IX: "|||||||||||||||||||||||||||||").
             The game lasted 00:02:51 (651 turns).

MikeHunt the Fighter (Ogre Wanderer)                 Turns: 651, Time: 00:02:52

Health: -5/81      AC:  0    Str: 20    XL:     7   Next: 36%
Magic:  11/11      EV: 12    Int: 24    God:    Cheibriados [**....]
Gold:   0          SH:  0    Dex: 14    Spells: 6/6 levels left

rFire   . . .      SeeInvis .   c - +0 flail
rCold   . . .      Faith    .   (no shield)
rNeg    . . .      Spirit   .   e - +0 robe
rPois   .          Reflect  .   (helmet restricted)
rElec   .          Harm     .   n - +0 cloak
rCorr   .          Rampage  .   (gloves unavailable)
Will    .....      NoTele   +   (boots unavailable)
Stlth   ++........              (no amulet)
HPRegen 0.23/turn               o - +3 ring of intelligence
MPRegen 0.12/turn               p - +3 ring of intelligence

@: corroded, very slow
A: large, unfitting armour, tough skin 1
a: Renounce Religion, Bend Time


You were in the Dungeon.
You worshipped Cheibriados.
Cheibriados was pleased with you.
You visited 1 branch

Inventory:

Hand Weapons
 a - a +2 dagger
 c - a +0 flail (weapon)
 d - a +0 hand axe
 k - a +0 club
Missiles
 f - 4 boomerangs
Armour
 e - a +0 robe (worn)
 n - a +0 cloak (worn)
Jewellery
 o - a +3 ring of intelligence (left hand)
 p - a +3 ring of intelligence (right hand)
Wands
 m - a wand of acid (1) (quivered)
Scrolls
 j - 2 scrolls of blinking
Potions
 b - 2 potions of haste
 h - 4 potions of magic
 i - 2 potions of heal wounds
 l - 4 potions of curing


   Skills:
 + Level 8.7 Fighting
 - Level 2.6 Long Blades
 - Level 2.0(5.8) Axes
 + Level 7.9(8.1) Maces & Flails
 + Level 6.3 Dodging
 - Level 1.0 Stealth
 - Level 1.0 Shields
 + Level 6.5 Invocations
 + Level 4.9 Evocations


You had 6 spell levels left.
You didn't know any spells.
Your spell library was empty.

Dungeon Overview and Level Annotations

Branches:
Dungeon (1/1)

Altars:
Cheibriados
Dithmenos
Elyvilon
Fedhas
Gozag
Hepliaklqana
Kikubaaqudgha
Makhleb
Nemelex Xobeh
Okawaru
Qazlal
Ru
Sif Muna
Trog
Uskayaw
Vehumet
Wu Jian
Xom
Yredelemnul
Zin
The Shining One
Beogh
Jiyva
Lugonu


Innate Abilities, Weirdness & Mutations

You are too large for most types of armour.
You have tough skin. (AC +1)


Message History

Aim: an acid dragon (heavily wounded, 74% to hit)
The bolt of acid hits the acid dragon!
The acid dragon is almost dead.
The bolt of acid misses the acid dragon.
The acid dragon spits acid at you. The splash of acid hits you!
You are splashed with acid!
Throw: 4 boomerangs
Press: ? - help, Q - select action, (/) - cycle Shift-Dir - straight line, f/p - acid dragon
Aim: an acid dragon (almost dead, catching its breath, 62% to hit)
Okay, then.
Unknown command.
Annotate which branch? (. - D, ? - help, ! - show branch list)
Okay, then.
Unknown command.
Aiming: Corrosive Bolt
Press: ? - help, Q - select action, (/) - cycle Shift-Dir - straight line, f/p - acid dragon
Aim: an acid dragon (almost dead, catching its breath, 74% to hit)
The bolt of acid hits the acid dragon!
You kill the acid dragon!
Cheibriados appreciates the change of pace.
Cheibriados raises the support of your attributes as your movement slows.
The acid dragon scales are intact enough to wear.
The bolt of acid hits the acid dragon!
The acid dragon is severely wounded.
Your Dodging skill increases to level 6!
You hit the acid dragon.
The acid dragon is severely wounded.
The acid dragon bites you!
* * * LOW HITPOINT WARNING * * *
The acid dragon claws you but does no damage.
Aiming: Corrosive Bolt
Press: ? - help, Q - select action, (/) - cycle Shift-Dir - straight line, f - acid dragon
Aim: an acid dragon (severely wounded, 74% to hit)
The bolt of acid hits the acid dragon.
The acid dragon is almost dead.
The acid dragon spits acid at you. The splash of acid hits you!
* * * LOW HITPOINT WARNING * * *
The acid corrodes you!
You are splashed with acid!
You die... ▓▓▓▓▓▓▓▓▓▓▓▓▓▓▓▓▓▓▓▓▓▓▓▓ +..÷..D@..[.[.)?.'______ ▓▓▓▓▓▓▓▓▓▓▓▓▓▓▓▓▓▓▓▓▓▓▓▓

You could see an acid dragon (catching breath).

Vanquished Creatures
  A shadow (D)
  A wyvern (D)
  An acid dragon (D)
  An orc warrior (D)
  A howler monkey (D)
  A jelly (D)
  An adder (D)
  A dart slug (D)
  2 orcs (D)
  An endoplasm (D)
  2 goblins (D)
  2 bats (D)
15 creatures vanquished.

Notes
Turn   | Place    | Note
-------+----------+-------------------------------------------
     0 | D        | MikeHunt the Ogre Wanderer began the quest for the Orb.
     0 | D        | MikeHunt set off with the following items: a +2 dagger, 2
                  | potions of haste, a potion of lignification, a +0 hand axe,
                  | a +0 robe, a potion of curing, a potion of heal wounds, 2
                  | potions of magic, a potion of berserk rage, a scroll of
                  | blinking
     0 | D        | Reached XP level 1. HP: 19/19 MP: 1/1
     7 | D        | Reached skill level 2 in Fighting
    12 | D        | Reached skill level 3 in Fighting
    69 | D        | Noticed a jelly
    74 | D        | Reached skill level 1 in Maces & Flails
    74 | D        | Reached XP level 2. HP: 31/31 MP: 2/2
    77 | D        | Reached XP level 3. HP: 21/37 MP: 3/3
   100 | D        | Reached skill level 5 in Maces & Flails
   379 | D        | Found a snail-covered altar of Cheibriados.
   379 | D        | Found a shadowy altar of Dithmenos.
   379 | D        | Found a white marble altar of Elyvilon.
   379 | D        | Found a blossoming altar of Fedhas.
   379 | D        | Found an opulent altar of Gozag.
   380 | D        | Found a hazy altar of Hepliaklqana.
   381 | D        | Found a viscous altar of Jiyva.
   382 | D        | Found an ancient bone altar of Kikubaaqudgha.
   383 | D        | Became a worshipper of Cheibriados the Contemplative
   384 | D        | Found a corrupted altar of Lugonu.
   385 | D        | Found a burning altar of Makhleb.
   386 | D        | Found a sparkling altar of Nemelex Xobeh.
   387 | D        | Found an iron altar of Okawaru.
   388 | D        | Found a stormy altar of Qazlal.
   389 | D        | Found a sacrificial altar of Ru.
   390 | D        | Found a shimmering blue altar of Sif Muna.
   391 | D        | Found a bloodstained altar of Trog.
   392 | D        | Found a hide-covered altar of Uskayaw.
   393 | D        | Found a radiant altar of Vehumet.
   394 | D        | Found an ornate altar of the Wu Jian Council.
   395 | D        | Found a shimmering altar of Xom.
   396 | D        | Found a basalt altar of Yredelemnul.
   397 | D        | Found a glowing silver altar of Zin.
   398 | D        | Found a glowing golden altar of the Shining One.
   432 | D        | Noticed an acid dragon
   432 | D        | Noticed a wyvern
   432 | D        | Noticed an acid dragon
   432 | D        | Noticed an orc warrior
   432 | D        | Noticed a shadow
   436 | D        | Killed a shadow
   436 | D        | Killed a wyvern
   436 | D        | Reached * piety under Cheibriados
   437 | D        | Reached skill level 7 in Fighting
   437 | D        | Reached skill level 5 in Dodging
   437 | D        | Reached skill level 5 in Invocations
   437 | D        | Reached XP level 4. HP: 27/55 MP: 3/7
   437 | D        | Reached XP level 5. HP: 30/62 MP: 3/8
   437 | D        | Reached XP level 6. HP: 35/71 MP: 3/9
   438 | D        | Killed an orc warrior
   439 | D        | Reached skill level 8 in Fighting
   439 | D        | Reached XP level 7. HP: 34/80 MP: 3/11
   649 | D        | Reached ** piety under Cheibriados
   651 | D        | Splashed by an acid dragon's acid

Illustrated notes

Levels and vault maps discovered:
D:        linesprint [early_d, line_temple, items_1, d_10, items_2, lair_1,
          lair_end, items_3, orc_1, orc_end, items_4, d_15, swamp_1, shoals_1,
          snake_1, spider_1, d_20, vaults_1, items_5, swamp_end, shoals_end,
          snake_end, spider_end, vaults_end, d_27, items_6, zot_1, zot_end,
          crypt_end, forest_end, elf_end, slime_end, tomb_end, abyss_end,
          pan_hell_end]

Skill      XL: |  1  2  3  4  5  6  7 |
---------------+----------------------+-----
Fighting       | 3 7 8 |  8.7
Dodging        | 2 5 6 |  6.3
Maces & Flails | 1 4 7 |  7.9
Invocations    | 5 6 |  6.5
Evocations     | 4 |  4.9
Long Blades    | |  2.6
Axes           | |  2.0
Stealth        | |  1.0
Shields        | |  1.0

Action                   |  1- 3 |  4- 6 |  7- 9 || total
-------------------------+-------+-------+-------++-------
Melee: Dagger            |    40 |       |       ||    40
       Flail             |     2 |       |     8 ||    10
Evoke: Wand              |     2 |     2 |     5 ||     9
  Use: Potion            |     5 |       |       ||     5
Armor: Robe              |    15 |       |     3 ||    18
       Skin              |     8 |       |       ||     8
Dodge: Dodged            |    16 |       |     9 ||    25

Table legend: (Time is in decaauts)
 A = Elapsed time spent in this place.
 B = Non-inter-level travel time spent in this place.
 C = Inter-level travel time spent in this place.
 D = Time resting spent in this place.
 E = Time spent auto-exploring this place.
 F = Levels seen in this place.
 G = Mean time per level.
                   A        B        C        D        E       F      G
               +--------+--------+--------+--------+--------+-----+--------+
         Total |    664 |    664 |      0 |    515 |      0 |   1 |  664.0 |
       Dungeon |    664 |    664 |      0 |    515 |      0 |   1 |  664.0 |
               +--------+--------+--------+--------+--------+-----+--------+

Top non-repeatable levels by time:
       D: 664 daAuts
